 Dungeon Crawl Stone Soup version 0.25-a0-707-g603da076d2 (webtiles) character file.

Game seed: 14316450201736483237, levelgen mode: deterministic

3912 sanka the Nimble (level 10, 45/45 HPs)
             Began as a Felid Wanderer on Apr 4, 2020.
             Was an Elder of Okawaru.
             Quit the game on level 10 of the Dungeon.
             The game lasted 00:25:31 (12705 turns).

sanka the Nimble (Felid Wanderer)                  Turns: 12705, Time: 00:25:32

Health: 45/45      AC:  2    Str: 10    XL:     10   Next: 1%
Magic:  14/14      EV: 34    Int: 15    God:    Okawaru [****..]
Gold:   338        SH:  0    Dex: 19    Spells: 9/9 levels left
                                        Lives:  1   Deaths: 1

rFire    . . .     SeeInvis +     - Unarmed
rCold    . . .     Gourm    .   (shield unavailable)
rNeg     . . .     Faith    .   (armour unavailable)
rPois    .         Spirit   .   (helmet unavailable)
rElec    .         Reflect  .   (cloak unavailable)
rCorr    .         Harm     .   (gloves unavailable)
MR       +....                  (boots unavailable)
Stlth    ++........             o - amulet of the acrobat
HPRegen  0.15/turn              l - +2 ring of evasion
MPRegen  0.14/turn              m - +3 ring of dexterity

@: quick
A: very small, no armour, no weapons or thrown items, stealth, claws 1, fangs 3,
see invisible, carnivore, speed 1, shaggy fur 2, slow metabolism 1, sharp paws
a: Heroism, Renounce Religion


You were on level 10 of the Dungeon.
You worshipped Okawaru.
Okawaru was greatly pleased with you.
You were not hungry.

You visited 2 branches of the dungeon, and saw 11 of its levels.

You collected 481 gold pieces.
You spent 143 gold pieces at shops.


Innate Abilities, Weirdness & Mutations

You cannot wear armour.
You are incapable of wielding weapons or throwing items.
Your paws allow you to move quietly. (Stealth)
You have sharp claws.
You have razor-sharp teeth.
You have supernaturally acute eyesight. (SInv)
You are carnivorous and can eat meat at any time.
You cover ground quickly.
You are covered in thick fur. (AC +2)
You have a slow metabolism.
Your sharp claws are effective at attacking unaware monsters.


   Skills:
 - Level 6.0 Fighting
 * Level 14.6 Dodging
 - Level 1.3 Stealth
 - Level 10.0 Unarmed Combat
 - Level 5.0 Invocations
 - Level 5.0 Evocations


You had 9 spell levels left.
You didn't know any spells.
Your spell library contained the following spells:

 Spells                   Type           Power        Failure   Level  Hunger
 Corona                   Hex            #......      26%         1    ##.....
 Ensorcelled Hibernation  Hex/Ice        #.....       38%         2    ###....
 Confusing Touch          Hex            #.......     63%         3    ####...
 Dazzling Flash           Conj/Hex       #.....       63%         3    ####...
 Tukima's Dance           Hex            #.......     63%         3    ####...

Inventory:

Jewellery
 l - a +2 ring of evasion (left paw)
 m - a +3 ring of dexterity (right paw)
 o - an amulet of the acrobat (around neck)
 q - an uncursed ring of positive energy
 s - an uncursed ring of protection from fire
Wands
 i - a wand of scattershot (5)
 n - a wand of disintegration (36)
 v - a wand of flame (18)
 x - a wand of random effects (11)
 y - a wand of acid (6)
 B - a wand of polymorph (11)
 C - a wand of iceblast (9)
Scrolls
 d - 12 scrolls of teleportation {@r4}
 g - a scroll of blinking
 h - 4 scrolls of amnesia
 k - 5 scrolls of remove curse
 w - a scroll of immolation {!r}
 z - a scroll of vulnerability {!r}
 D - a scroll of fog
 E - a scroll of summoning
Potions
 a - 8 potions of heal wounds {@q2}
 b - 2 potions of curing {@q1}
 c - 5 potions of lignification {!q}
 e - 5 potions of mutation {!q}
 j - a potion of might {unknown}
 p - 3 potions of degeneration {!q}
 r - 3 potions of flight
 t - 2 potions of stabbing
 A - a potion of magic {unknown}
Comestibles
 f - 17 rations

Dungeon Overview and Level Annotations

Branches:
Dungeon (10/15)            Temple (1/1) D:6            Lair (0/6) D:8
    Orc: D:9-12

Altars:
Ashenzari
Cheibriados
Dithmenos
Elyvilon
Fedhas
Gozag
Hepliaklqana
Kikubaaqudgha
Makhleb
Nemelex Xobeh
Okawaru
Qazlal
Ru
Sif Muna
Trog
Uskayaw
Vehumet
Wu Jian
Xom
Yredelemnul
Zin
The Shining One

Shops:
D:5 (   D:6 ( D:7

}
.▒.....
....[...
........
▒▒▒
........
▒..
...▒▒▒▒▒
▒.▒ ...▒
▒.▒
▒▒....
▒.▒ ▒▒▒▒
▒.▒ ▒h▒
▒.▒ ..▒
▒▒.▒ ▒▒▒


There were no monsters in sight!


Message History

The orc shouts!
The orc priest shouts!
The orc shouts!
The orc priest calls down the wrath of Beogh upon you.
Beogh smites you!
The bullfrog zombie completely misses you.
The orc completely misses you.
The orc warrior shouts!
Use which ability? (? or * to list)
You gain the combat prowess of a mighty hero.
The bullfrog zombie hits you.
You scratch the orc priest but do no damage.
The orc completely misses you.
The bullfrog zombie completely misses you.
You claw the orc priest!
The orc priest is severely wounded.
The orc priest calls down the wrath of Beogh upon you.
Beogh smites you!
The orc warrior hits you with a cursed -1 scimitar!
* * * LOW HITPOINT WARNING * * *
The orc completely misses you.
You mangle the orc priest!!
You kill the orc priest!
Okawaru accepts your kill.
The orc warrior hits you with a cursed -1 scimitar!!
You die...
You are now level 10!
You rejoin the land of the living...
Unknown command.
Are you sure you want to abandon this character and quit the game? (Confirm with "yes".)

Action                   |  1- 3 |  4- 6 |  7- 9 | 10-12 || total
-------------------------+-------+-------+-------+-------++-------
Melee: Unarmed           |   109 |   132 |   393 |   194 ||   828
       Bite              |     9 |    15 |    44 |    20 ||    88
       Punch             |     2 |     2 |    17 |    14 ||    35
Invok: Heroism           |       |       |     8 |     9 ||    17
Evoke: Wand              |       |       |     9 |       ||     9
  Use: Scroll            |     6 |     4 |     6 |     1 ||    17
       Potion            |       |     2 |       |       ||     2
 Stab: Sleeping          |     5 |     2 |     6 |     4 ||    17
       Distracted        |     1 |       |     2 |     2 ||     5
  Eat: Chunk             |    10 |     6 |    10 |     4 ||    30
Armor: Skin              |     8 |     3 |     6 |       ||    17
Dodge: Dodged            |    88 |    93 |   256 |   144 ||   581

Levels and vault maps discovered:
D:1:      elethiomel_arrival_shortcut, layout_basic
D:2:      layout_loops_ring, uniq_jessica
D:3:      kennysheep_the_goblin_king, layout_basic, first_ration
D:4:      black_bear_nest_2, layout_loops_ring, nicolae_overflow_crystal_walls,
          serial_undead, serial_undead_d, serial_undead_b, serial_undead_f,
          serial_undead_f
D:5:      layout_cave_pools, slow_altar_2, minitemple, serial_shops, shop,
          uniq_crazy_yiuf_cottage, uniq_sigmund
D:6:      layout_basic, minmay_temple_entry_large_hall, serial_shops, shop,
          uniq_blork_the_orc
D:7:      layout_basic, elyvilon_altar_4, serial_shops, shop, uniq_pikel
D:8:      layout_basic, erik_lair_orcish_takeover, uniq_maggie
D:9:      layout_basic, bloody_trog, gammafunk_ghost_grave,
          minmay_fractal_squares_gapless_5
D:10:     kennysheep_orc_sif_temple, layout_basic, hangedman_pestilent_swarm
Temple:   eino_temple_rhombus

Notes
Turn   | Place    | Note
-------+----------+-------------------------------------------
     0 | D:1      | sanka the Felid Wanderer began the quest for the Orb.
     0 | D:1      | sanka set off with the following items: a potion of heal
                  | wounds {@q2}, a potion of berserk rage {!q}, a potion of
                  | lignification {!q}, a scroll of teleportation {@r4}, a
                  | ration
     0 | D:1      | Reached XP level 1. HP: 10/10 MP: 2/2
    59 | D:1      | HP: 1/10 [hobgoblin/+0 club (3)]
   465 | D:1      | Reached XP level 2. HP: 10/14 MP: 3/3
   873 | D:1      | Reached XP level 3. HP: 10/17 MP: 4/4
  1139 | D:1      | Reached skill level 6 in Unarmed Combat
  1758 | D:2      | Reached skill level 1 in Dodging
  2302 | D:2      | Reached XP level 4. HP: 17/21 MP: 5/5
  2361 | D:2      | Noticed Jessica
  2362 | D:2      | Hi Jess
  2367 | D:2      | Killed Jessica
  3366 | D:3      | Reached XP level 5. HP: 16/24 MP: 6/6
  3569 | D:3      | Noticed a centaur
  3571 | D:3      | Reached skill level 7 in Unarmed Combat
  3583 | D:3      | Killed a centaur
  4191 | D:3      | Noticed Ijyb
  4200 | D:3      | Killed Ijyb
  4202 | D:3      | Gained mutation: You are covered in thick fur. (AC +2)
                  | [Felid growth]
  4202 | D:3      | Reached XP level 6. HP: 28/28 MP: 7/7
  4333 | D:3      | Reached skill level 8 in Unarmed Combat
  4533 | D:3      | Reached skill level 2 in Dodging
  5257 | D:4      | Reached XP level 7. HP: 16/31 MP: 8/8
  5454 | D:4      | Reached skill level 9 in Unarmed Combat
  5515 | D:4      | Reached skill level 3 in Dodging
  5959 | D:4      | Found an ancient bone altar of Kikubaaqudgha.
  6093 | D:5      | Entered Level 5 of the Dungeon
  6094 | D:5      | Found Onoinouw's Weapon Emporium.
  6135 | D:5      | Reached skill level 4 in Dodging
  6260 | D:5      | Found a runed translucent door.
  6261 | D:5      | Noticed Crazy Yiuf
  6305 | D:5      | Noticed Sigmund
  6606 | D:5      | Found a shattered altar of Ashenzari.
  6613 | D:5      | Found a glowing silver altar of Zin.
  7011 | D:5      | Reached skill level 5 in Dodging
  7011 | D:5      | Reached XP level 8. HP: 34/34 MP: 9/9
  7104 | D:5      | Found a snail-covered altar of Cheibriados.
  7292 | D:5      | Killed Crazy Yiuf
  7579 | D:6      | Reached skill level 10 in Unarmed Combat
  7795 | D:6      | Reached skill level 6 in Dodging
  7797 | D:6      | Identified the +0 scale mail of the Moon {rElec Regen+}
  7928 | D:6      | Found Tyixuasi's Antique Weapon Shop.
  7930 | D:6      | Reached skill level 7 in Dodging
  7984 | D:6      | Reached skill level 8 in Dodging
  8100 | D:6      | Noticed Blork the orc
  8107 | D:6      | Killed Blork the orc
  8155 | D:6      | Found a staircase to the Ecumenical Temple.
  8177 | Temple   | Entered the Ecumenical Temple
  8302 | Temple   | Became a worshipper of Warmaster Okawaru
  8327 | D:6      | Reached skill level 9 in Dodging
  8526 | D:7      | Noticed Pikel
  8614 | D:6      | Killed Pikel
  8614 | D:6      | Reached * piety under Okawaru
  8614 | D:6      | Reached skill level 10 in Dodging
  8614 | D:6      | Reached skill level 3 in Evocations
  8614 | D:6      | Reached XP level 9. HP: 12/37 MP: 9/12
  9075 | D:7      | Reached skill level 1 in Invocations
  9251 | D:7      | Reached skill level 4 in Evocations
  9320 | D:7      | Reached skill level 2 in Invocations
  9556 | D:7      | Reached skill level 3 in Invocations
  9623 | D:7      | Found a white marble altar of Elyvilon.
  9671 | D:7      | Reached skill level 11 in Dodging
  9682 | D:7      | Reached ** piety under Okawaru
  9883 | D:7      | Found Nuvvet's Gadget Shoppe.
  9891 | D:7      | Bought a wand of iceblast (9) for 143 gold pieces
 10327 | D:5      | Hi Sigmund
 10337 | D:5      | Killed Sigmund
 10687 | D:8      | Reached skill level 5 in Evocations
 10699 | D:8      | Reached skill level 4 in Fighting
 10702 | D:8      | Identified cursed +0 swamp dragon scales
 10702 | D:8      | Noticed Maggie
 10718 | D:8      | Killed Maggie
 10718 | D:8      | Reached skill level 4 in Invocations
 10718 | D:8      | Reached XP level 10. HP: 30/43 MP: 12/14
 10959 | D:8      | Reached skill level 12 in Dodging
 11266 | D:8      | Reached *** piety under Okawaru
 11373 | D:8      | Found a staircase to the Lair.
 11669 | D:9      | Reached skill level 5 in Fighting
 11790 | D:9      | Found a runed translucent door.
 11791 | D:9      | Noticed Ontamu's ghost (novice GnTm)
 11819 | D:9      | Reached skill level 5 in Invocations
 11927 | D:9      | Noticed a two-headed ogre
 11935 | D:9      | Killed a two-headed ogre
 11935 | D:9      | Reached skill level 13 in Dodging
 11947 | D:9      | Found a bloodstained altar of Trog.
 12009 | D:9      | Reached **** piety under Okawaru
 12092 | D:9      | Reached skill level 6 in Fighting
 12095 | D:9      | Reached skill level 14 in Dodging
 12462 | D:9      | Killed Ontamu's ghost
 12501 | D:10     | Entered Level 10 of the Dungeon
 12681 | D:10     | Reached XP level 11. HP: 48/48 MP: 12/15
 12704 | D:10     | Mangled by an orc warrior
 12705 | D:10     | Reached XP level 10. HP: -9/45 MP: 13/14
 12705 | D:10     | Quit the game

Vanquished Creatures
  A two-headed ogre (D:9)
  The ghost of Ontamu the Martial Artist, a novice GnTm (D:9)
  Pikel (D:6)
  Maggie (D:8)
  Sigmund (D:5)
  A hippogriff (D:9)
  3 yaks (D:9)
  3 hungry ghosts
  A steam dragon (D:8)
  2 wargs (D:8)
  2 black bears
  6 orc warriors
  3 sky beasts
  A slave (D:7)
  4 phantoms
  4 ogres
  3 centaurs
  Blork the orc (D:6)
  4 bullfrogs
  A scorpion (D:7)
  4 wights (D:7)
  4 howler monkeys
  3 crimson imps
  2 centaur zombies
  A bullfrog zombie (D:4)
  An iron imp (D:5)
  10 orc priests
  2 hounds
  3 bullfrog skeletons
  3 iguanas
  2 jellies
  8 orc wizards
  Jessica (D:2)
  Crazy Yiuf (D:5)
  Ijyb (D:3)
  7 worker ants
  2 hound skeletons
  4 worker ant zombies
  A howler monkey zombie (D:7)
  9 adders
  A gnoll (D:1)
  A howler monkey skeleton (D:8)
  5 shadow imps
  3 adder skeletons
  3 adder zombies
  2 worms
  5 dart slugs
  4 leopard geckos
  26 orcs
  2 giant cockroaches
  13 goblins
  9 hobgoblins
  9 jackals
  4 quokkas
  A ball python (D:2)
  5 bats
  4 frilled lizards
  A giant cockroach zombie (D:4)
  A jackal skeleton (D:4)
  A jackal zombie (D:4)
  8 kobolds
  A leopard gecko skeleton (D:4)
  A leopard gecko zombie (D:6)
  A quokka skeleton (D:4)
  A quokka zombie (D:4)
  6 rats
231 creatures vanquished.

Vanquished Creatures (others)
  2 slaves (D:7)
  An ogre (D:7)
  An adder (D:7)
  An orc (D:7)
  2 withered plants (D:9)
7 creatures vanquished.

Grand Total: 238 creatures vanquished
